Yev-Ruu, chaotic female vampiric Convict ---------------- |.......<......| |...............# |............{.|# ------------%---# # # ### ### --+------ # # |.....@[| ##### ##-........ -------|- |.......| |..<....| #..>.....| |.......|############|.......| |.......|############..^.....| --------- --------- Yev-Ruu the Jail-bird Experience level: 9 Strength: 15 Dexterity: 13 Constitution: 19 Intelligence: 10 Wisdom: 11 Charisma: 7 Health: 86(101) Energy: 53(53) AC: 10 Gold: 88 Moves: 4769 Your Inventory: Coins $ - 88 gold pieces Armor o - an [uncursed] +0 dwarvish mithril-coat z - an [uncursed] +0 pair of gloves called Reg [leather] B - an [uncursed] +0 small shield O - an [uncursed] +0 pair of elven boots Rings Z - an [uncursed] black onyx ring [of hunger] Wands U - an [uncursed] wand of cold [0:3] Tools f - an [uncursed] bag [sack] X - an [uncursed] looking glass [mirror] Iron balls c - an [uncursed] rusty heavy iron ball (chained to you) Spells known in the end: Name Level Category Fail Memory a - invisibility 4 escape 100% [||||||||] Your skills at the end: Fighting Skills Weapon Skills flail [Basic / Expert] sling [Basic / Skilled] Spellcasting Skills Final Attributes: You were piously aligned. Hunger level was 394. Your alignment was 28 / 33. Monster difficulty range was 1 - 9. Level difficulty was 10. You were immune to poison. You were immune to level-drain. You were immune to sickness. You were punished. You could fly. You could survive without air. You regenerated. Your luck was zero. You survived. Vanquished creatures: a small mimic a freezing sphere a leather golem a watchman a giant beetle a gremlin an orc-captain a mumak an ice vortex 3 chickatrices 2 dwarf lords a gnome mummy 2 Woodland-elves 2 wood nymphs 3 Mordor orcs a rock mole a pony a yellow light a shrieker 3 gnome lords a golden naga hatchling 2 gray oozes a ghoul 4 giant ants 2 little dogs a floating eye a kitten 8 dwarves a kobold lord 3 rothes 2 rabid rats a giant bat an iguana 10 killer bees 2 coyotes 2 hobbits 2 manes a large kobold a hobgoblin 4 giant rats a cave spider 28 gnomes 2 garter snakes 2 geckos 6 jackals a fox a goblin 4 sewer rats 6 grid bugs 5 lichens a kobold zombie 2 newts 138 creatures vanquished. Voluntary challenges: You went without food. You never hit with a wielded weapon. You read items or engraved 3 times. You put on armor 17 times. You never genocided any monsters. You never polymorphed an object. You changed form 1 time. You used no wishes. You abstained from Elbereth's help. You never encountered a bones level. You never used any Sokoban shortcuts. Dungeon overview: The Dungeons of Doom: levels 1 to 10 Level 1 a long staircase Level 2 a sink stairs to The Gnomish Mines Level 5 a fountain Level 6 a fountain Level 7 a general store Level 8 a fountain Level 9 many fountains Level 10 <- You were here a fountain stairs to Sokoban The Gnomish Mines: levels 3 to 6 Level 3 stairs to The Dungeons of Doom Sokoban: Level 9 a magic chest stairs to The Dungeons of Doom History has recorded: On T:1 you entered the Dungeons of Doom to retrieve the Amulet of Yendor! On T:315 you advanced to experience level 2. On T:334 you reached level 2 of The Dungeons of Doom. On T:667 you advanced to experience level 3. On T:979 you reached level 1 of The Gnomish Mines. On T:984 you advanced to experience level 4. On T:992 you advanced to experience level 5. On T:1297 you reached level 2 of The Gnomish Mines. On T:1372 you advanced to experience level 6. On T:1432 you reached level 3 of The Gnomish Mines. On T:1618 you reached level 4 of The Gnomish Mines. On T:1626 you advanced to experience level 7. On T:1755 you reached level 3 of The Dungeons of Doom. On T:2029 you reached level 4 of The Dungeons of Doom. On T:2771 you reached level 5 of The Dungeons of Doom. On T:3147 you reached level 6 of The Dungeons of Doom. On T:3322 you reached level 7 of The Dungeons of Doom. On T:3389 you advanced to experience level 8. On T:3615 you reached level 8 of The Dungeons of Doom. On T:4127 you reached level 9 of The Dungeons of Doom. On T:4380 you advanced to experience level 9. On T:4631 you reached level 10 of The Dungeons of Doom. On T:4659 you reached level 3 of Sokoban. Latest messages: The dwarf lord hits! The dwarf lord swings his pick-axe. The dwarf lord hits! [HP-20=81] You hit the dwarf lord. You bite the dwarf lord. [HP+1=82] You hit the dwarf lord. You bite the dwarf lord. You kill the dwarf lord! [HP+1=83] $ - 88 gold pieces. [HP+1=84] [HP+1=85] o - a +0 dwarvish mithril-coat. O - a +0 pair of elven boots. z - a +0 pair of gloves called Reg. B - a +0 small shield. c - a rusty heavy iron ball (chained to you). [HP+1=86] The sack is empty. Final status: Goodbye Yev-Ruu the Convict... You quit in The Dungeons of Doom on dungeon level 10 with 8056 points, and 88 pieces of gold, after 4769 moves. You were level 9 with a maximum of 101 hit points when you quit.